General information
- name: BNet
- type: Ladder team game (AT/RT)
- host: Battle.net
- saver: TheIceman
map: Battleground
- players: 8
- length: 23:34
- speed: Fast
- version: 1.26 W3XP
- replay type: Public
» download(139 KB)
Players
team 1 (loser)

»
madpoopybutts (
purple | 41 APM | 558 actions | 13:34)
4 Demon Hunter
2 Mana Burn
2 Evasion
» actions
| Build / train | 49 | |
| Enter build submenu | 17 | |
| Enter hero's abilities submenu | 4 | |
| Remove unit from queue | 2 | |
| Right click | 295 | |
| Select / deselect | 162 | |
| Use ability | 29 | |
558 total
» units
| Wisp | 16 | |
| Archer | 8 | |
| Dryad | 10 | |
| Druid of the Claw | 1 | |
35 total
» upgrades
| Strength of the Wild | 2 | |
| Reinforced Hides | 2 | |
| Abolish Magic | 1 | |
5 total
» buildings
| Altar of Elders | 1 | |
| Moon Well | 6 | |
| Ancient of War | 1 | |
| Ancient of Wonders | 2 | |
| Hunter's Hall | 1 | |
| Tree of Ages | 1 | |
| Ancient Protector | 2 | |
| Ancient of Lore | 3 | |
| Tree of Eternity | 1 | |
18 total
» build order
00:11 Altar of Elders
00:13 Moon Well
00:50 Ancient of War
01:38 Moon Well
02:15 Ancient of Wonders
02:49 Hunter's Hall
03:28 Moon Well
04:32 Tree of Ages
04:39 Ancient Protector
04:47 Ancient Protector
07:05 Ancient of Lore
07:07 Ancient of Lore
08:23 Moon Well
09:28 Ancient of Wonders
10:25 Moon Well
12:03 Tree of Eternity
12:19 Moon Well
12:34 Ancient of Lore
offmehnutz (
red | 26 APM | 294 actions | 11:30)
3 Demon Hunter
2 Evasion
1 Immolation
» actions
| Build / train | 43 | |
| Enter build submenu | 14 | |
| Enter hero's abilities submenu | 3 | |
| Right click | 132 | |
| Select / deselect | 83 | |
| Use ability | 19 | |
294 total
» units
| Wisp | 18 | |
| Huntress | 6 | |
| Archer | 2 | |
| Druid of the Claw | 1 | |
27 total
» upgrades
| Ultravision | 1 | |
| Improved Bows | 1 | |
| Abolish Magic | 1 | |
| Druid of the Claw Training | 2 | |
| Upgrade Moon Glaive | 1 | |
| Sentinel | 1 | |
| Strength of the Wild | 1 | |
8 total
» buildings
| Altar of Elders | 1 | |
| Moon Well | 4 | |
| Hunter's Hall | 1 | |
| Ancient of War | 2 | |
| Tree of Ages | 1 | |
| Ancient of Lore | 2 | |
| Tree of Eternity | 3 | |
| Tree of Life | 1 | |
15 total
» build order
00:07 Altar of Elders
00:15 Moon Well
01:18 Hunter's Hall
02:03 Ancient of War
02:18 Ancient of War
03:06 Moon Well
04:08 Moon Well
04:18 Tree of Ages
07:12 Moon Well
07:18 Ancient of Lore
07:24 Tree of Eternity
07:24 Tree of Eternity
08:16 Tree of Life
09:30 Ancient of Lore
The-Iceman (
teal | 54 APM | 1268 actions | 23:33)
8 Blademaster
3 Wind Walk
3 Critical Strike
1 Bladestorm
1 Mirror Image
» actions
| Assign group hotkey | 14 | |
| Basic commands | 13 | |
| Build / train | 50 | |
| Enter build submenu | 52 | |
| Enter hero's abilities submenu | 8 | |
| Give item / drop item | 4 | |
| Right click | 591 | |
| Select / deselect | 271 | |
| Select group hotkey | 85 | |
| Use ability | 180 | |
1268 total
» units
| Peon | 19 | |
| Grunt | 4 | |
| Troll Batrider | 4 | |
27 total
» upgrades
| Armor | 1 | |
| Reinforced Defenses | 1 | |
| Well Spring | 1 | |
3 total
» buildings
| Orc Burrow | 4 | |
| Altar of Storms | 1 | |
| Barracks | 1 | |
| Voodoo Lounge | 1 | |
| Stronghold | 1 | |
| War Mill | 1 | |
| Beastiary | 2 | |
| Fortress | 1 | |
| Great Hall | 1 | |
| Watch Tower | 21 | |
| Moon Well | 15 | |
49 total
» build order
00:14 Orc Burrow
00:53 Altar of Storms
00:56 Barracks
01:07 Orc Burrow
01:38 Voodoo Lounge
02:49 Stronghold
04:02 Orc Burrow
04:43 War Mill
06:09 Beastiary
06:10 Beastiary
06:44 Fortress
06:59 Orc Burrow
09:49 Great Hall
09:51 Watch Tower
09:52 Watch Tower
09:52 Watch Tower
09:53 Watch Tower
09:53 Watch Tower
11:01 Watch Tower
11:01 Watch Tower
11:26 Watch Tower
13:30 Watch Tower
13:33 Watch Tower
13:34 Watch Tower
14:16 Watch Tower
14:16 Watch Tower
14:17 Watch Tower
14:18 Watch Tower
15:16 Moon Well
15:17 Moon Well
15:18 Moon Well
15:19 Moon Well
15:20 Moon Well
15:22 Moon Well
15:39 Watch Tower
15:42 Watch Tower
15:42 Watch Tower
15:45 Watch Tower
15:45 Watch Tower
18:31 Moon Well
18:32 Moon Well
18:33 Moon Well
18:35 Moon Well
18:36 Moon Well
18:37 Moon Well
19:10 Moon Well
19:10 Moon Well
19:10 Moon Well
» items
| Healing Salve | 4 | |
| Scroll of Town Portal | 1 | |
| Periapt of Vitality | 1 | |
| Potion of Healing | 1 | |
| Potion of Mana | 1 | |
| Lesser Clarity Potion | 1 | |
9 total
BrightStar (
green | 86 APM | 1167 actions | 13:30)
3 Warden
2 Fan of Knives
1 Blink
» actions
| Assign group hotkey | 15 | |
| Basic commands | 1 | |
| Build / train | 53 | |
| ESC pressed | 1 | |
| Enter build submenu | 17 | |
| Enter hero's abilities submenu | 3 | |
| Right click | 524 | |
| Select / deselect | 163 | |
| Select group hotkey | 310 | |
| Use ability | 80 | |
1167 total
» units
| Wisp | 15 | |
| Archer | 8 | |
| Dryad | 2 | |
| Hippogryph | 4 | |
29 total
» upgrades
| Strength of the Wild | 2 | |
| Reinforced Hides | 1 | |
| Improved Bows | 1 | |
| Abolish Magic | 1 | |
5 total
» buildings
| Altar of Elders | 1 | |
| Moon Well | 4 | |
| Ancient of War | 2 | |
| Ancient of Wonders | 3 | |
| Tree of Ages | 1 | |
| Hunter's Hall | 1 | |
| Ancient of Lore | 3 | |
| Ancient of Wind | 1 | |
16 total
» build order
00:08 Altar of Elders
00:19 Moon Well
00:39 Ancient of War
01:29 Moon Well
01:58 Ancient of War
02:18 Ancient of Wonders
02:21 Ancient of Wonders
03:52 Tree of Ages
03:59 Hunter's Hall
05:11 Moon Well
06:48 Ancient of Lore
06:50 Ancient of Lore
06:53 Ancient of Lore
07:30 Moon Well
09:52 Ancient of Wind
10:43 Ancient of Wonders
» items
| Lesser Clarity Potion | 1 | |
| Potion of Healing | 1 | |
| Potion of Mana | 4 | |
| Moonstone | 1 | |
| Scroll of Town Portal | 1 | |
8 total
team 2 (winner)
Dinastia1991 (
orange | 35 APM | 731 actions | 21:10)
5 Dark Ranger
3 Black Arrow
1 Silence
1 Life Drain
» actions
| Basic commands | 22 | |
| Build / train | 51 | |
| Enter build submenu | 11 | |
| Enter hero's abilities submenu | 5 | |
| Remove unit from queue | 1 | |
| Right click | 307 | |
| Select / deselect | 287 | |
| Use ability | 47 | |
731 total
» units
| Acolyte | 2 | |
| Ghoul | 5 | |
| Crypt Fiend | 12 | |
| Necromancer | 8 | |
27 total
» upgrades
| Creature Attack | 2 | |
| Creature Carapace | 2 | |
| Web | 1 | |
| Necromancer Training | 2 | |
| Skeletal Longevity | 1 | |
| Burrow | 1 | |
| Skeletal Mastery | 1 | |
10 total
» buildings
| Ziggurat | 6 | |
| Crypt | 1 | |
| Altar of Darkness | 1 | |
| Tomb of Relics | 1 | |
| Graveyard | 1 | |
| Halls of the Dead | 1 | |
| Temple of the Damned | 1 | |
| Black Citadel | 1 | |
| Spirit Tower | 1 | |
14 total
» build order
00:13 Ziggurat
00:15 Crypt
00:40 Altar of Darkness
01:03 Ziggurat
01:16 Tomb of Relics
01:55 Graveyard
02:37 Ziggurat
03:51 Halls of the Dead
04:57 Ziggurat
06:48 Temple of the Damned
06:52 Ziggurat
08:06 Ziggurat
11:49 Black Citadel
17:44 Spirit Tower
» items
| Rod of Necromancy | 1 | |
| Boots of Speed | 1 | |
| Potion of Healing | 1 | |
| Orb of Corruption | 1 | |
4 total

»
sublime (
yellow | 75 APM | 1562 actions | 20:42)
4 Blademaster
2 Wind Walk
2 Critical Strike
3 Shadow Hunter
2 Healing Wave
1 Hex
1 Tauren Chieftain
1 Endurance Aura
» actions
| Assign group hotkey | 27 | |
| Basic commands | 172 | |
| Build / train | 74 | |
| ESC pressed | 2 | |
| Enter build submenu | 18 | |
| Enter hero's abilities submenu | 8 | |
| Give item / drop item | 4 | |
| Right click | 345 | |
| Select / deselect | 318 | |
| Select group hotkey | 492 | |
| Use ability | 102 | |
1562 total
» units
| Peon | 11 | |
| Grunt | 6 | |
| Wind Rider | 2 | |
| Raider | 7 | |
26 total
» upgrades
| Pillage | 1 | |
| Ensnare | 1 | |
| Armor | 3 | |
| Melee Weapons | 2 | |
| Reinforced Defenses | 1 | |
| Envenomed Spears | 1 | |
| Liquid Fire | 1 | |
10 total
» buildings
| Altar of Storms | 1 | |
| Orc Burrow | 7 | |
| Barracks | 1 | |
| Voodoo Lounge | 1 | |
| Stronghold | 1 | |
| Beastiary | 2 | |
| War Mill | 1 | |
| Fortress | 1 | |
| Watch Tower | 4 | |
19 total
» build order
00:19 Altar of Storms
00:36 Orc Burrow
00:38 Orc Burrow
01:31 Barracks
02:09 Voodoo Lounge
03:06 Stronghold
04:03 Orc Burrow
07:14 Beastiary
07:14 Beastiary
07:17 War Mill
07:20 Orc Burrow
07:24 Fortress
08:02 Orc Burrow
12:00 Watch Tower
12:04 Watch Tower
13:45 Watch Tower
13:48 Watch Tower
14:21 Orc Burrow
17:41 Orc Burrow
» items
| Healing Salve | 6 | |
| Lesser Clarity Potion | 7 | |
| Orb of Lightning | 2 | |
| Dust of Appearance | 1 | |
| Boots of Speed | 2 | |
| Scroll of Town Portal | 2 | |
20 total
TheIceman (
pink | 81 APM | 1902 actions | 23:34)
5 Blademaster
3 Wind Walk
2 Critical Strike
» actions
| Assign group hotkey | 152 | |
| Basic commands | 93 | |
| Build / train | 79 | |
| ESC pressed | 13 | |
| Enter build submenu | 37 | |
| Enter hero's abilities submenu | 5 | |
| Give item / drop item | 5 | |
| Right click | 833 | |
| Select / deselect | 209 | |
| Select group hotkey | 361 | |
| Use ability | 115 | |
1902 total
» units
| Peon | 18 | |
| Grunt | 5 | |
| Forest Troll Shadow Priest | 2 | |
| Forest Troll Berserker | 1 | |
| Wind Rider | 5 | |
31 total
» upgrades
| Berserker Strength | 1 | |
| Pillage | 1 | |
| Armor | 2 | |
| Ranged Weapons | 4 | |
| Reinforced Defenses | 1 | |
| Envenomed Spears | 1 | |
10 total
» buildings
| Orc Burrow | 7 | |
| Altar of Storms | 1 | |
| Barracks | 1 | |
| Voodoo Lounge | 1 | |
| Stronghold | 3 | |
| War Mill | 1 | |
| Watch Tower | 19 | |
| Fortress | 2 | |
| Great Hall | 1 | |
| Beastiary | 2 | |
38 total
» build order
00:11 Orc Burrow
01:09 Orc Burrow
01:22 Altar of Storms
01:25 Barracks
01:28 Voodoo Lounge
02:10 Orc Burrow
05:02 Stronghold
05:02 Stronghold
05:25 Orc Burrow
05:47 War Mill
07:54 Watch Tower
07:57 Watch Tower
09:07 Fortress
09:12 Great Hall
09:13 Watch Tower
09:16 Watch Tower
10:33 Watch Tower
10:35 Watch Tower
10:49 Beastiary
11:11 Watch Tower
11:14 Watch Tower
11:31 Beastiary
11:43 Watch Tower
11:48 Watch Tower
11:53 Watch Tower
12:12 Watch Tower
12:18 Watch Tower
12:52 Watch Tower
13:07 Watch Tower
14:27 Orc Burrow
14:33 Orc Burrow
15:20 Orc Burrow
15:27 Watch Tower
15:33 Watch Tower
15:41 Watch Tower
16:08 Watch Tower
» items
| Boots of Speed | 1 | |
| Healing Salve | 4 | |
| Lesser Clarity Potion | 4 | |
| Scroll of Town Portal | 2 | |
| Potion of Healing | 1 | |
| Staff of Teleportation | 1 | |
13 total

»
Trigger_warning (
blue | 42 APM | 966 actions | 22:54)
2 Archmage
1 Summon Water Elemental
1 Blizzard
1 Paladin
1 Divine Shield
» actions
| Basic commands | 10 | |
| Build / train | 59 | |
| Enter build submenu | 23 | |
| Enter hero's abilities submenu | 3 | |
| Right click | 585 | |
| Select / deselect | 247 | |
| Use ability | 39 | |
966 total
» units
| Peasant | 11 | |
| Footman | 5 | |
| Rifleman | 8 | |
| Mortar Team | 10 | |
| Siege Engine | 4 | |
38 total
» upgrades
| Gunpowder | 2 | |
| Armor | 2 | |
| Masonry | 2 | |
| Lumber Harvesting | 1 | |
| Long Rifles | 1 | |
| Fragmentation Shards | 1 | |
| Barrage | 1 | |
10 total
» buildings
| Altar of Kings | 1 | |
| Farm | 11 | |
| Scout Tower | 4 | |
| Barracks | 1 | |
| Arcane Tower | 1 | |
| Blacksmith | 1 | |
| Lumber Mill | 1 | |
| Guard Tower | 3 | |
| Keep | 1 | |
| Workshop | 2 | |
| Arcane Vault | 1 | |
| Castle | 1 | |
28 total
» build order
00:10 Altar of Kings
00:33 Farm
00:51 Scout Tower
01:17 Farm
01:26 Barracks
01:46 Arcane Tower
01:58 Farm
02:38 Blacksmith
03:12 Farm
04:03 Farm
04:15 Lumber Mill
05:13 Scout Tower
06:40 Guard Tower
06:46 Scout Tower
07:07 Keep
07:30 Scout Tower
08:09 Guard Tower
08:11 Guard Tower
08:15 Farm
09:14 Farm
09:48 Workshop
10:00 Farm
10:23 Arcane Vault
10:39 Farm
11:28 Farm
12:27 Farm
13:32 Castle
18:06 Workshop
Chat log
(01:45 / All) The-Iceman: we need more gold
(02:02 / All) TheIceman: wow nice username teal
(02:03 / All) TheIceman: wtf
(02:31 / All) The-Iceman: you like chuck liddell?
(02:51 / All) TheIceman: yeah
(02:53 / All) TheIceman: great mma champ
(03:08 / All) TheIceman: I aspire to be like the Iceman Wim Hof
(03:17 / All) TheIceman: next winter I shall go for a jog in my shorts in winter
(04:52 / All) TheIceman: whenever I buy boots of speed from the shop
(04:55 / All) TheIceman: as I creep it
(04:57 / All) TheIceman: boots always drop
(06:26 / Allies) Dinastia1991: b
(06:36 / All) sublime: LOL
(10:28 / All) TheIceman: it's 2015 upgrade your internet you asshole
(10:58 / All) TheIceman: fucking prick
(11:33 / All) TheIceman: moron
(11:35 / All) madpoopybutts: sick red!
(11:41 / All) madpoopybutts: go suicide and leave!
(14:05 / All) TheIceman: well that's unfortunate
(16:23 / All) TheIceman: TIME TO DIE!
(16:59 / All) Dinastia1991: bhey
(17:01 / Allies) Dinastia1991: pink
(17:03 / Allies) Dinastia1991: wtf
(17:04 / All) TheIceman: TIME TO DIE, ORANGE!
(18:25 / All) The-Iceman: run pussy
(18:32 / All) sublime: lose moron
(18:38 / All) TheIceman: you lose, yellow
(18:40 / All) The-Iceman: yep you will
(18:40 / All) TheIceman: TIME FOR YOU ALL TO DIE!
(19:42 / All) Dinastia1991: strypid game
(19:44 / All) Dinastia1991: gg
(19:48 / All) Dinastia1991: pink kill us
(19:50 / All) The-Iceman: run pussy
(19:56 / Allies) sublime: 2
(20:00 / All) Dinastia1991: end this shit
(20:21 / All) The-Iceman: try to leave your base yellow
(20:22 / All) The-Iceman: LOL
(20:43 / All) TheIceman: TIME TO LOSE
(21:05 / All) The-Iceman: NAUGHTY NAUGHTy
(21:28 / All) TheIceman: TWO DOWN, ONE TO GO!
(23:23 / All) TheIceman: which team loses?
(23:30 / All) The-Iceman: my team
(23:31 / All) TheIceman: k